 Dungeon Crawl Stone Soup version 0.27-a0-1026-gbab068f60c (webtiles) character file.

Game seed: 5769196495213437471

498503 cvle the Metallomancer (level 24, -1/152 HPs)
             Began as a Gargoyle Earth Elementalist on Apr 13, 2021.
             Was the Champion of Vehumet.
             Slain by a ghoul (18 damage)
             ... on level 1 of the Crypt on Apr 18, 2021.
             The game lasted 02:27:37 (59239 turns).

cvle the Metallomancer (GrEE)                      Turns: 59239, Time: 02:27:39

Health: -1/152     AC: 32    Str: 16    XL:     24   Next: 87%
Magic:  9/45       EV: 19    Int: 29    God:    Vehumet [******]
Gold:   1202       SH:  0    Dex: 14    Spells: 5/51 levels left

rFire    + . .     SeeInvis .   J - +7 demon whip (elec)
rCold    . . .     Faith    .   (no shield)
rNeg     + + .     Spirit   .   d - +0 robe of the Louse {rN+ rCorr Dex+4}
rPois    ∞         Reflect  .   q - +2 helmet
rElec    +         Harm     .   A - +2 cloak
rCorr    +         Rampage  .   y - +0 pair of gloves of the Silversmith {+Blink rPois Slay+3}
Will     ++...                  e - +2 pair of boots
Stlth    ++++......             a - amulet of regeneration
HPRegen  1.35/turn              F - ring of Deneq {Wiz Drain rElec Int+5 Stlth+}
MPRegen  0.29/turn              w - ring "Qadiyv" {Drain rF+ Will+ Slay+2}

@: flying, very slightly contaminated, studying Dodging
A: AC +18, big wings, negative energy resistance 1, electricity resistance,
torment resistance 1, unbreathing 1, petrification resistance, camouflage 1,
high mp 1, sense surroundings 1
}: 3/15 runes: serpentine, barnacled, silver
a: Renounce Religion, Evoke Blink


You were on level 1 of the Crypt.
You worshipped Vehumet.
Vehumet was exalted by your worship.
You visited 9 branches of the dungeon, and saw 41 of its levels.
You also visited: Ossuary and Ice Cave.

You collected 7262 gold pieces.
You spent 6060 gold pieces at shops.

Inventory:

Hand Weapons
 J - a +7 demon whip of electrocution (weapon)
Missiles
 G - a throwing net
Armour
 d - the +0 robe of the Louse (worn) {rN+ rCorr Dex+4}
   (You bought it in a shop on level 7 of the Dungeon)

   It affects your dexterity (+4).
   It protects you from negative energy.
   It protects you from acid and corrosion.
 e - a +2 pair of boots (worn)
 q - a +2 helmet (worn)
 y - the +0 pair of gloves of the Silversmith (worn) {+Blink rPois Slay+3}
   (You acquired it on level 6 of the Dungeon)

   It affects your accuracy and damage with ranged weapons and melee attacks
   (+3).
   It protects you from poison.
   It lets you blink.
 A - a +2 cloak (worn)
Jewellery
 a - an amulet of regeneration (around neck)
 c - the ring "Vari" {rC+ EV+4 SInv}
   (You acquired it on level 4 of the Dungeon)

   [ring of evasion]

   It affects your evasion (+4).
   It protects you from cold.
   It lets you see invisible.
 j - a ring of the Octopus King {rCorr AC+1 EV+1 Str+1 Int+1 Dex+1}
   (You found it on level 5 of the Vaults)

   [ring of resist corrosion]

   It affects your AC (+1).
   It affects your evasion (+1).
   It affects your strength (+1).
   It affects your intelligence (+1).
   It affects your dexterity (+1).
   It protects you from acid and corrosion.
 m - the ring of Ru's Respect {rF+ Will++ rCorr Dex+2}
   (You found it on level 8 of the Dungeon)

   [ring of resist corrosion]

   It affects your dexterity (+2).
   It protects you from fire.
   It protects you from acid and corrosion.
   It greatly increases your willpower.
 w - the ring "Qadiyv" (right hand) {Drain rF+ Will+ Slay+2}
   (You acquired it on level 2 of the Orcish Mines)

   [ring of protection from fire]

   It affects your accuracy and damage with ranged weapons and melee attacks
   (+2).
   It protects you from fire.
   It drains your maximum health when unequipped.
   It increases your willpower.
 x - the ring "Sengosuurph" {Wiz Dex+5}
   (You bought it in a shop on level 1 of the Elven Halls)

   [ring of wizardry]

   It improves your spell success rate.
   It affects your dexterity (+5).
 D - an amulet of magic regeneration
 F - the ring of Deneq (left hand) {Wiz Drain rElec Int+5 Stlth+}
   (You found it on level 3 of the Snake Pit)

   [ring of wizardry]

   It improves your spell success rate.
   It affects your intelligence (+5).
   It insulates you from electricity.
   It drains your maximum health when unequipped.
   It makes you more stealthy.
Wands
 i - a wand of paralysis (47)
 M - a wand of mindburst (35)
 P - a wand of charming (7)
 R - a wand of iceblast (52)
 S - a wand of acid (31)
 V - a wand of polymorph (5)
Scrolls
 g - 2 scrolls of fear
 k - 10 scrolls of teleportation
 n - 22 scrolls of identify
 H - a scroll of enchant armour
 K - 8 scrolls of fog
 L - 5 scrolls of amnesia
 Q - 7 scrolls of magic mapping
 T - 5 scrolls of brand weapon
 U - 2 scrolls of holy word
 W - 8 scrolls of blinking
Potions
 b - a potion of might
 h - 10 potions of cancellation
 l - 6 potions of haste
 o - 7 potions of brilliance
 p - 4 potions of mutation
 r - 4 potions of invisibility
 s - 4 potions of heal wounds
 t - 32 potions of curing
 u - a potion of magic
 v - 4 potions of berserk rage
 z - 3 potions of resistance
 X - 3 potions of ambrosia
Miscellaneous
 f - a lightning rod (4/4)
 B - a piece from Xom's chessboard (15/15)
 C - a tin of tremorstones (2/2)
 I - a condenser vane
 N - a box of beasts
 Y - a phial of floods


   Skills:
 + Level 15.7 Fighting
 + Level 14.5 Maces & Flails
 - Level 6.0 Armour
 + Level 14.1 Dodging
 - Level 2.1 Stealth
 + Level 14.2 Spellcasting
 + Level 16.3 Conjurations
 - Level 0.7 Transmutations
 + Level 18.5 Fire Magic
 * Level 21.1 Earth Magic
 - Level 10.0 Evocations


You had 5 spell levels left.
You knew the following spells:

 Your Spells              Type           Power      Damage    Failure   Level
a - Shatter               Erth           48%        3d37*     4%          9
b - Stone Arrow           Conj/Erth      100%       3d13      0%          3
c - Lee's Rapid Deconstr  Erth           48%        3d24*     0%          5
d - Iron Shot             Conj/Erth      46%        9d9       1%          6
e - Bolt of Magma         Conj/Fire/Erth 46%        4d19      1%          5
f - Fireball              Conj/Fire      44%        3d18      1%          5
g - Ignition              Fire           45%        3d13      1%          8
h - Irradiate             Conj/Tmut      31%        3d23      1%          5

Your spell library contained the following spells:

 Spells                   Type           Power      Damage    Failure   Level
 Lehudib's Crystal Spear  Conj/Erth      46%        10d11     1%          8
 Fire Storm               Conj/Fire      44%        8d11      19%         9
 Chain Lightning          Conj/Air       30%        N/A       45%         8
 Foxfire                  Conj/Fire      100%       2x1d9     0%          1
 Magic Dart               Conj           100%       1d8       0%          1
 Sandblast                Erth           100%       2d20      0%          1
 Searing Ray              Conj           100%       3d7       0%          2
 Conjure Flame            Conj/Fire      89%        6-21      0%          3
 Sticky Flame             Conj/Fire      89%        2d10      0%          4
 Animate Skeleton         Necr           40%        N/A       1%          1
 Apportation              Tloc           40%        N/A       1%          1
 Beastly Appendage        Tmut           48%        N/A       1%          1
 Corona                   Hex            22%        N/A       1%          1
 Pain                     Necr           80%        1d8       1%          1
 Shock                    Conj/Air       100%       1d9       1%          1
 Sting                    Tmut/Pois      88%        1d7       1%          1
 Summon Small Mammal      Summ           80%        N/A       1%          1
 Blink                    Tloc           N/A        N/A       1%          2
 Call Imp                 Summ           20%        N/A       1%          2
 Corpse Rot               Necr/Air       N/A        N/A       1%          2
 Ensorcelled Hibernation  Hex/Ice        40%        N/A       1%          2
 Passwall                 Tmut/Erth      59%        N/A       1%          2
 Poisonous Vapours        Pois/Air       40%        N/A       1%          2
 Slow                     Hex            20%        N/A       1%          2
 Static Discharge         Conj/Air       61%        N/A       1%          2
 Wereblood                Tmut           24%        N/A       1%          2
 Dazzling Flash           Conj/Hex       100%       N/A       1%          3
 Ignite Poison            Fire/Tmut/Pois 55%        N/A       1%          3
 Inner Flame              Hex/Fire       65%        N/A       1%          3
 Mephitic Cloud           Conj/Pois/Air  51%        N/A       1%          3
 Fulminant Prism          Conj/Hex       30%        3d16      1%          4
 Iskenderun's Mystic Bla  Conj/Tloc      61%        2d13      1%          4
 Leda's Liquefaction      Hex/Erth       35%        N/A       1%          4
 Petrify                  Tmut/Erth      71%        N/A       1%          4
 Lightning Bolt           Conj/Air       30%        1d47      1%          5
 Spider Form              Tmut/Pois      11%        N/A       2%          3
 Confusing Touch          Hex            20%        N/A       3%          3
 Gell's Gravitas          Tloc           10%        N/A       3%          3
 Lesser Beckoning         Tloc           10%        N/A       3%          3
 Portal Projectile        Hex/Tloc       40%        N/A       3%          3
 Swiftness                Air            20%        N/A       3%          3
 Teleport Other           Tloc           20%        N/A       3%          3
 Tukima's Dance           Hex            20%        N/A       3%          3
 Airstrike                Air            10%        N/A       3%          4
 Olgreb's Toxic Radiance  Pois           20%        N/A       3%          4
 Yara's Violent Unravell  Hex/Tmut       11%        3d6       7%          5
 Ice Form                 Ice/Tmut       22%        N/A       9%          4
 Cause Fear               Hex            10%        N/A       10%         4
 Dispel Undead            Necr           20%        3d11      10%         4
 Hydra Form               Tmut           12%        N/A       21%         5
 Alistair's Intoxication  Tmut/Pois      14%        N/A       22%         5
 Agony                    Necr           20%        N/A       26%         5
 Excruciating Wounds      Necr           10%        N/A       26%         5
 Manifold Assault         Tloc           20%        N/A       26%         5
 Silence                  Hex/Air        10%        N/A       26%         5
 Summon Forest            Summ/Tloc      10%        N/A       26%         5
 Starburst                Conj/Fire      44%        8x6d12    1%          6
 Invisibility             Hex            20%        N/A       80%         6
 Simulacrum               Ice/Necr       10%        N/A       80%         6
 Haunt                    Necr/Summ      10%        N/A       100%        7
 Malign Gateway           Summ/Tloc      10%        N/A       100%        7
 Monstrous Menagerie      Summ           10%        N/A       100%        7
 Discord                  Hex            10%        N/A       100%        8
 Summon Horrible Things   Summ           10%        N/A       100%        8
 Absolute Zero            Ice            10%        ∞         100%        9
 Tornado                  Air            10%        N/A       100%        9
 Sublimation of Blood     Necr           Unusable   N/A       N/A         2

Dungeon Overview and Level Annotations

Branches:
Dungeon (15/15)            Temple (1/1) D:4            Lair (6/6) D:11
 Shoals (4/4) Lair:2        Snake (4/4) Lair:2        Slime (0/5) Lair:6
    Orc (2/2) D:12            Elf (3/3) Orc:2        Vaults (5/5) D:14
  Crypt (1/3) Vaults:2     Depths (0/5) D:15        Ossuary (visited)
  IceCv (visited)

Altars:
Ashenzari
Cheibriados
Elyvilon
Fedhas
Gozag
Kikubaaqudgha
Nemelex Xobeh
Okawaru
Qazlal
Uskayaw
Vehumet
Xom
Yredelemnul
The Shining One
Beogh
Jiyva

Shops:
D:1 =   D:7 [   Orc:2 *![(   Elf:1 ??**   Elf:3 [   Shoals:3 *   Snake:3 :=:
Vaults:5 ?

Annotations:
D:14 3 runed translucent doors, Bapho's ghost, journeyman TrMo
Lair:5 1 runed translucent door, Mitamm's ghost, journeyman OpVM
Elf:2 5 runed translucent doors


Innate Abilities, Weirdness & Mutations

Your stone body is resilient. (AC +18)
You are immune to poison.
Your large and strong wings let you fly.
You resist negative energy. (rN+)
You are resistant to electric shocks. (rElec)
You are resistant to unholy torment.
You can survive without breathing.
You are immune to petrification.
Your skin changes colour to match your surroundings (Stealth+).
You have an increased reservoir of magic. (+10% MP)
You passively map a small area around you.


Message History

Vehumet accepts your kill.
You feel your power returning.
Ka-crash!
You hear a hideous shriek!
The death knight offers itself to Yredelemnul, and fills with unholy energy.
The ghoul misses you. x2
Unknown command.
Casting: Shatter (dangerous; 4% risk of failure)
Confirm with . or Enter, or press ? or * to list all spells.
The dungeon rumbles!
The ghoul is moderately damaged.
You destroy the ghoul!
Vehumet accepts your kill.
You feel your power returning.
You kill the death knight!
Vehumet accepts your kill.
You feel your power returning.
Ka-crash!
Your damage is reflected back at you!
* * * LOW HITPOINT WARNING * * *
You hear a hideous shriek! x2
The ghoul claws you but does no damage. The ghoul misses you.
Casting: Shatter (dangerous; 4% risk of failure)
Confirm with . or Enter, or press ? or * to list all spells.
Aiming: Iron Shot (safe; 1% risk of failure)
Press: ? - help, Shift-Dir - straight line, f - ghoul
Aim: a ghoul (moderately damaged, 78% to hit)
The iron shot misses the ghoul.
A phantasmal warrior comes into view.
The ghoul misses you. The ghoul claws you!
* * * LOW HITPOINT WARNING * * *
Casting: Iron Shot (safe; 1% risk of failure)
Confirm with . or Enter, or press ? or * to list all spells.
Aiming: Iron Shot (safe; 1% risk of failure)
Press: ? - help, Shift-Dir - straight line, f/p - ghoul
Aim: a ghoul (moderately damaged, 78% to hit)
The iron shot hits the ghoul!!!
The ghoul is severely damaged.
A ghoul comes into view.
The phantasmal warrior blinks!
The ghoul claws you!!
You die...

.###.[.)............
..).))........⌠......
......................
.......#....#.........,
.......##........##.##
, ..###......#......#+#
* # ....#............ *
(....#..)....#....
.##....n@....# ., ,
,*#..)..W..).# '
............... , ,
........†....... * *
................ , ,
......#.........
#........)..).. ,* *
#...n#........§ , * * ,
, ,*


You could see 2 ghouls and a phantasmal warrior.

Vanquished Creatures
  A dread lich (Vaults:5)
  2 ancient liches (Vaults:5)
  Sojobo (Vaults:5)
  Saint Roka (Vaults:4)
  Bai Suzhen (Vaults:5)
  A tentacled monstrosity (Vaults:5)
  A lich (Vaults:5)
  Rupert (Snake:1)
  Asterion (Vaults:4)
  A deep elf blademaster (Elf:3)
  A deep elf master archer (Elf:3)
  A quicksilver dragon (Vaults:5)
  6 titans (Vaults:5)
  A kraken (Shoals:3)
  2 sphinxes (Vaults:5)
  10 tengu reavers
  Kirke (D:12)
  2 shadow dragons (Vaults:5)
  Donald (Snake:1)
  Agnes (Vaults:4)
  4 storm dragons
  An azure jelly (Lair:6)
  2 fire giants
  3 frost giants
  5 nagarajas (Snake:4)
  A draconian knight (Vaults:4)
  2 deep elf sorcerers
  An iron dragon (Vaults:5)
  21 vault wardens
  An orc warlord (Orc:2)
  Louise (D:14)
  2 curse skulls (Crypt:1)
  A spriggan defender (Vaults:4)
  5 deep elf elementalists (Elf:3)
  Aizul (Snake:1)
  3 ghouls (Crypt:1)
  5 stone giants
  23 ironbound preservers
  2 war gargoyles (Vaults:3)
  5 very ugly things
  A vampire knight (Crypt:1)
  3 entropy weavers
  Azrael (Snake:1)
  7 deep elf demonologists
  11 deep elf annihilators
  2 crystal guardians (Vaults:3)
  5 dire elephants
  3 merfolk javelineers
  Snorg (Lair:4)
  A salamander tyrant (Snake:4)
  9 deep elf death magi
  3 jiangshi (Crypt:1)
  An eleionoma (shapeshifter) (Elf:1)
  5 ettins (Vaults:5)
  2 deep elf high priests
  13 merfolk impalers
  3 great orbs of eyes
  11 yaktaur captains
  A quicksilver dragon skeleton (Crypt:1)
  6 ironbound thunderhulks
  20 naga warriors
  A rakshasa (D:14)
  2 peacekeepers (Vaults:3)
  15 hydras
  Harold (D:11)
  5 boulder beetles
  6 ogre magi
  8 centaur warriors
  3 anacondas
  34 vault guards
  9 ironbound frosthearts
  4 merfolk avatars
  An alligator snapping turtle (Shoals:4)
  3 catoblepae
  9 merfolk aquamancers
  8 two-headed ogres
  4 death knights
  A vampire mage (Crypt:1)
  A deep troll shaman (Lair:6)
  14 dancing weapons
  24 death yaks
  3 tengu warriors
  5 ironbound beastmasters
  An orc high priest (Orc:2)
  Urug (Lair:6)
  16 naga sharpshooters
  11 deep elf knights
  3 shock serpents
  A shadow wraith (Vaults:5)
  A fire crab (D:14)
  4 salamander mystics (Snake:4)
  8 skeletal warriors
  11 sea snakes
  5 naga ritualists
  A quicksilver dragon simulacrum (Vaults:4)
  2 bog bodies (Crypt:1)
  A flayed ghost (Crypt:1)
  A glowing orange brain (Vaults:4)
  11 wizards
  72 deep trolls
  Pikel (D:5)
  20 harpies
  5 deep elf archers (Elf:1)
  8 phantasmal warriors
  14 ironbound convokers
  3 orc knights
  17 deep elf pyromancers
  7 orc sorcerers
  3 oklob plants (Lair:3)
  35 ugly things
  6 lindwurms
  5 necromancers
  16 deep elf zephyrmancers
  A sphinx zombie (Vaults:4)
  13 mana vipers
  15 salamanders
  6 cyclopes
  16 manticores
  9 merfolk sirens
  A manticore (shapeshifter) (Vaults:5)
  4 fauns
  A shining eye (shapeshifter) (Vaults:5)
  9 elephants
  4 guardian serpents
  2 stone giant skeletons
  41 black mambas
  A fire giant skeleton (Crypt:1)
  A water nymph (shapeshifter) (Vaults:2)
  19 vault sentinels
  5 water nymphs (Shoals:4)
  An ice statue (IceCv)
  16 naga magi
  A dire elephant zombie (Crypt:1)
  Joseph (D:7)
  A cane toad (shapeshifter) (D:12)
  11 cane toads
  Psyche (D:12)
  A yaktaur zombie (Vaults:3)
  5 rime drakes
  2 unseen horrors (D:11)
  An elf skeleton (Vaults:4)
  12 komodo dragons
  2 kobold demonologists (D:10)
  43 yaktaurs
  2 tengu conjurers
  7 freezing wraiths
  A yellow draconian skeleton (Crypt:1)
  A jumping spider (shapeshifter) (Vaults:5)
  2 guardian mummies (Crypt:1)
  A troll (shapeshifter) (Elf:3)
  31 merfolk
  A yaktaur skeleton (Vaults:3)
  9 trolls
  5 wind drakes
  3 meliai
  A jumping spider (Vaults:2)
  A merfolk (shapeshifter) (Elf:1)
  16 polar bears
  13 blink frogs
  2 hornets
  An ettin zombie (Vaults:3)
  29 slime creatures
  A dream sheep (Lair:6)
  12 snapping turtles
  A centaur simulacrum (D:15)
  A wyvern (Lair:6)
  16 water elementals
  2 air elementals
  73 yaks
  5 wraiths
  An alligator skeleton (Crypt:1)
  7 redbacks
  A vampire (D:10)
  12 fire elementals
  A human (shapeshifter) (Vaults:5)
  6 basilisks
  5 hogs (D:12)
  2 steam dragons
  A human (D:14)
  7 vampire mosquitoes
  4 wargs
  Edmund (D:6)
  3 acid dragons
  A monstrous demonspawn zombie (Crypt:1)
  73 nagas
  21 water moccasins
  A water nymph skeleton (Crypt:1)
  25 orc warriors
  A sky beast (D:6)
  3 necrophages (Crypt:1)
  2 black bears
  An elephant zombie (Crypt:1)
  A hornet zombie (D:8)
  7 ogres
  26 wolves
  6 boggarts
  15 centaurs
  A manticore skeleton (Crypt:1)
  A human skeleton (Vaults:3)
  2 lemures (D:5)
  4 human zombies
  5 kobold brigands
  2 elf zombies
  A gnoll sergeant (Orc:1)
  21 bullfrogs
  7 earth elementals
  2 wyvern skeletons (D:7)
  13 killer bees
  18 wights
  5 electric eels
  5 howler monkeys
  9 centaur zombies
  3 hounds
  2 gnoll shamans
  Crazy Yiuf (D:2)
  2 bullfrog skeletons
  20 orc priests
  A centaur skeleton (D:4)
  2 jellies (D:6)
  4 iguanas
  2 yak simulacra (Lair:2)
  12 orc wizards
  2 polar bear simulacra (Lair:2)
  6 hell rats (Lair:6)
  A wolf simulacrum (Lair:2)
  An acid dragon skeleton (Crypt:1)
  A hound zombie (Ossuary)
  8 mummies
  12 gnolls
  2 howler monkey zombies
  A gnoll (shapeshifter) (D:14)
  8 adders
  14 white imps
  An adder zombie (D:2)
  2 worms
  14 dart slugs
  110 orcs
  9 endoplasms
  3 giant cockroaches
  11 hobgoblins
  6 jackals
  18 kobolds
  A quokka (D:2)
  6 ball pythons
  2 bats
  3 frilled lizards
  9 goblins
  6 goblin zombies
  5 hobgoblin zombies (Ossuary)
  6 jackal zombies (Ossuary)
  2 kobold zombies (Ossuary)
  3 orc zombies (Ossuary)
  3 quokka zombies (Ossuary)
  5 rats
  5 rat zombies (Ossuary)
  6 river rat simulacra (Lair:2)
  A bush (Lair:4)
  A fungus (Lair:6)
  2 tentacles (Shoals:3)
1844 creatures vanquished.

Vanquished Creatures (collateral kills)
  Jory (Vaults:3)
  The ghost of TotallyNotGC the Warrior, an adept MiBe of Trog (Snake:3)
  A slime creature (Vaults:3)
3 creatures vanquished.

Vanquished Creatures (others)
  A deep elf archer (Elf:1)
  A deep elf pyromancer (Elf:3)
  A merfolk siren (Shoals:2)
  An unseen horror (D:8)
  A yak (IceCv)
  A wolf (IceCv)
  A centaur (D:11)
  A bush (Lair:2)
  47 fungi
  187 plants
  6 tentacles (Shoals:3)
  2 withered plants (D:11)
250 creatures vanquished.

Grand Total: 2097 creatures vanquished

Notes
Turn   | Place    | Note
-------+----------+-------------------------------------------
     0 | D:1      | cvle the Gargoyle Earth Elementalist began the quest for
                  | the Orb.
     0 | D:1      | Reached XP level 1. HP: 10/10 MP: 3/3
   356 | D:1      | Reached XP level 2. HP: 15/15 MP: 5/5
   358 | D:1      | Reached skill level 4 in Earth Magic
   374 | D:1      | Found a faded altar of an unknown god.
   447 | D:1      | Found Lusul's Jewellery Shop.
   667 | D:1      | Reached XP level 3. HP: 19/19 MP: 2/6
   671 | D:1      | Learned a level 3 spell: Stone Arrow
   974 | D:2      | Found a stormy altar of Qazlal.
  1161 | D:2      | Reached skill level 1 in Conjurations
  1216 | D:2      | Reached XP level 4. HP: 24/24 MP: 4/8
  1346 | D:2      | Found a runed translucent door.
  1347 | D:2      | Noticed Crazy Yiuf
  1355 | D:2      | Killed Crazy Yiuf
  1790 | D:3      | Reached skill level 5 in Earth Magic
  1790 | D:3      | Reached XP level 5. HP: 26/28 MP: 9/9
  1796 | D:3      | Learned a level 5 spell: Lee's Rapid Deconstruction
  2633 | D:4      | Identified a scroll of acquirement
  2633 | D:4      | Acquired the ring "Vari" {rC+ EV+4 SInv}
  2714 | D:4      | Found a stormy altar of Qazlal.
  2837 | D:4      | Noticed an ogre
  2845 | D:4      | Noticed a hornet
  2847 | D:4      | Reached XP level 6. HP: 32/32 MP: 0/11
  3383 | D:4      | Found a staircase to the Ecumenical Temple.
  3392 | Temple   | Entered the Ecumenical Temple
  3458 | Temple   | Became a worshipper of Vehumet
  3509 | D:4      | Killed a hornet
  3510 | D:4      | Reached skill level 6 in Earth Magic
  3510 | D:4      | Reached XP level 7. HP: 36/36 MP: 4/13
  3545 | D:4      | Found a hide-covered altar of Uskayaw.
  3556 | D:4      | Found a glowing golden altar of the Shining One.
  3572 | D:4      | Found a white marble altar of Elyvilon.
  3572 | D:4      | Found a blossoming altar of Fedhas.
  3572 | D:4      | Found a broken altar of Ashenzari.
  3572 | D:4      | Found a sparkling altar of Nemelex Xobeh.
  4396 | D:5      | Entered Level 5 of the Dungeon
  4440 | D:5      | Found a sand-covered staircase.
  4491 | Ossuary  | Entered an ossuary
  4637 | Ossuary  | Reached * piety under Vehumet
  4637 | Ossuary  | Offered knowledge of Freeze by Vehumet.
  4681 | Ossuary  | Reached skill level 1 in Fighting
  4810 | Ossuary  | Reached XP level 8. HP: 39/43 MP: 15/15
  4855 | Ossuary  | Reached skill level 7 in Earth Magic
  4857 | Ossuary  | Reached skill level 1 in Armour
  5048 | D:5      | Acquired 1032 gold pieces
  5206 | D:5      | Reached skill level 5 in Spellcasting
  5206 | D:5      | Reached skill level 1 in Evocations
  5257 | D:5      | Noticed Pikel
  5283 | D:5      | Killed Pikel
  5284 | D:5      | Reached skill level 1 in Maces & Flails
  5284 | D:5      | Reached skill level 5 in Conjurations
  5595 | D:6      | Noticed a hornet
  5608 | D:6      | Killed a hornet
  5608 | D:6      | Offered knowledge of Foxfire by Vehumet.
  5609 | D:6      | Reached XP level 9. HP: 15/49 MP: 11/17
  5673 | D:6      | Reached ** piety under Vehumet
  5851 | D:6      | Reached skill level 8 in Earth Magic
  5991 | D:6      | Acquired the +0 pair of gloves of the Silversmith {+Blink
                  | rPois Slay+3}
  6163 | D:6      | Noticed Edmund
  6173 | D:6      | Killed Edmund
  6173 | D:6      | Offered knowledge of Conjure Flame by Vehumet.
  6365 | D:7      | Noticed Joseph
  6505 | D:6      | Reached *** piety under Vehumet
  6562 | D:7      | Killed Joseph
  6569 | D:7      | Reached XP level 10. HP: 55/57 MP: 3/19
  6695 | D:7      | Found an opulent altar of Gozag.
  6825 | D:7      | Found Zien's Antique Armour Shoppe.
  6837 | D:7      | Bought a faintly humming robe for 153 gold pieces
  6837 | D:7      | Identified the +0 robe of the Louse {rN+ rCorr Dex+4} (You
                  | bought it in a shop on level 7 of the Dungeon)
  6837 | D:7      | Bought a pair of jewelled gloves for 256 gold pieces
  6837 | D:7      | Identified the +2 pair of gloves of the Fiend {Rampage rF+
                  | rC+ Dex+4} (You bought it in a shop on level 7 of the
                  | Dungeon)
  6837 | D:7      | Bought an opalescent robe for 153 gold pieces
  6837 | D:7      | Identified the +0 robe of Emnax {-Tele rPois Regen+ rCorr}
                  | (You bought it in a shop on level 7 of the Dungeon)
  6936 | D:7      | Identified the +2 hand axe of Paper {pain, Drain rElec rC++
                  | rN+}
  7491 | D:8      | Noticed a boulder beetle
  7510 | D:8      | Killed a boulder beetle
  7510 | D:8      | Offered knowledge of Static Discharge by Vehumet.
  7511 | D:8      | Reached skill level 5 in Fighting
  7776 | D:8      | Reached skill level 9 in Earth Magic
  7892 | D:9      | Reached skill level 5 in Armour
  8013 | D:9      | Reached **** piety under Vehumet
  8033 | D:9      | Reached XP level 11. HP: 54/64 MP: 10/20
  8256 | D:9      | Offered knowledge of Bolt of Magma by Vehumet.
  8274 | D:9      | Learned a level 5 spell: Bolt of Magma
  8388 | D:8      | Identified the ring of Ru's Respect {rF+ Will++ rCorr
                  | Dex+2}
  8537 | D:8      | Reached skill level 1 in Fire Magic
  8736 | D:8      | Noticed a manticore
  8737 | D:8      | Found the +3 salamander hide armour {Flames rF++ rC--}
  8741 | D:8      | Killed a manticore
  9251 | D:9      | Noticed a two-headed ogre
  9257 | D:9      | Killed a two-headed ogre
  9475 | D:10     | Entered Level 10 of the Dungeon
  9589 | D:10     | Reached skill level 5 in Maces & Flails
  9631 | D:10     | Found a snail-covered altar of Cheibriados.
  9907 | D:10     | Reached skill level 5 in Evocations
  9922 | D:10     | Reached ***** piety under Vehumet
  9922 | D:10     | Offered knowledge of Freezing Cloud by Vehumet.
 10341 | D:11     | Noticed Harold
 10350 | D:11     | Killed Harold
 10353 | D:11     | Noticed a manticore
 10356 | D:11     | Reached skill level 5 in Dodging
 10362 | D:11     | Killed a manticore
 10552 | D:11     | Found an ancient bone altar of Kikubaaqudgha.
 10607 | D:11     | Noticed a two-headed ogre
 10611 | D:11     | Killed a two-headed ogre
 10612 | D:11     | Reached skill level 10 in Earth Magic
 10612 | D:11     | Reached XP level 12. HP: 71/71 MP: 13/22
 10750 | D:11     | Noticed a boulder beetle
 10775 | D:11     | Killed a boulder beetle
 10920 | D:11     | Found a staircase to the Lair.
 11455 | D:12     | Noticed a two-headed ogre
 11477 | D:12     | Found a gate leading to a gauntlet.
 11531 | D:12     | Reached skill level 5 in Fire Magic
 11604 | D:12     | Noticed Kirke
 11611 | D:12     | Killed Kirke
 11804 | D:12     | Noticed Psyche
 11829 | D:12     | Killed Psyche
 11862 | D:12     | Noticed a two-headed ogre
 11873 | D:12     | Killed a two-headed ogre
 11979 | D:12     | Noticed a death knight
 11987 | D:12     | Killed a death knight
 12158 | D:12     | Killed a two-headed ogre
 12159 | D:12     | Reached XP level 13. HP: 48/77 MP: 9/24
 12341 | D:12     | Found a staircase to the Orcish Mines.
 13689 | D:14     | Noticed Louise
 13697 | D:14     | Killed Louise
 13698 | D:14     | Reached skill level 11 in Earth Magic
 14241 | D:14     | Noticed a rakshasa
 14252 | D:14     | Offered knowledge of Spellforged Servitor by Vehumet.
 14253 | D:14     | Killed a rakshasa
 14869 | D:14     | Noticed a vault guard
 14892 | D:14     | Gained mutation: Your large and strong wings let you fly.
                  | [Gargoyle growth]
 14892 | D:14     | Reached XP level 14. HP: 44/84 MP: 4/26
 15345 | D:14     | Found a gate to the Vaults.
 15634 | D:14     | Found a runed translucent gate.
 15634 | D:14     | Found a runed translucent gate.
 15635 | D:14     | Found a runed translucent gate.
 15635 | D:14     | Noticed Bapho's ghost (journeyman TrMo)
 15674 | D:14     | Found a hide-covered altar of Uskayaw.
 15999 | Lair:1   | Entered Level 1 of the Lair of Beasts
 16218 | Lair:1   | Reached skill level 10 in Conjurations
 17482 | Lair:2   | Found a staircase to the Snake Pit.
 17499 | Lair:2   | Offered knowledge of Conjure Ball Lightning by Vehumet.
 17735 | Lair:2   | Reached skill level 12 in Earth Magic
 17803 | Lair:2   | Found a staircase to the Shoals.
 18531 | Lair:3   | Identified the +4 flail "Osostress" {pain, Fly rF+ rN+
                  | Dex-4}
 18593 | Lair:3   | Reached XP level 15. HP: 75/91 MP: 28/28
 19001 | Lair:3   | Reached skill level 10 in Fire Magic
 19154 | Lair:3   | Gained mutation: You are dopey. (Int -2) [potion of
                  | mutation]
 19154 | Lair:3   | Gained mutation: You are partially covered in large bone
                  | plates. (SH +4) [potion of mutation]
 19154 | Lair:3   | Gained mutation: You passively map a small area around you.
                  | [potion of mutation]
 19155 | Lair:3   | Lost mutation: You are dopey. (Int -2) [potion of mutation]
 19155 | Lair:3   | Lost mutation: You are partially covered in large bone
                  | plates. (SH +4) [potion of mutation]
 19155 | Lair:3   | Gained mutation: You have an increased reservoir of magic.
                  | (+10% MP) [potion of mutation]
 19155 | Lair:3   | Gained mutation: Your body sometimes deteriorates upon
                  | taking damage. [potion of mutation]
 19155 | Lair:3   | Lost mutation: Your body sometimes deteriorates upon taking
                  | damage. [potion of mutation]
 19155 | Lair:3   | Gained mutation: Your skin changes colour to match your
                  | surroundings (Stealth+). [potion of mutation]
 19793 | Lair:4   | Found a frozen archway.
 19819 | IceCv    | Entered an ice cave
 19831 | IceCv    | Learned a level 5 spell: Fireball
 20276 | IceCv    | Reached ****** piety under Vehumet
 20439 | IceCv    | Noticed a frost giant
 20445 | IceCv    | Reached skill level 10 in Fighting
 20446 | IceCv    | Offered knowledge of Starburst by Vehumet.
 20452 | IceCv    | Killed a frost giant
 20997 | Lair:4   | Noticed Snorg
 21001 | Lair:4   | Killed Snorg
 21886 | Lair:5   | Learned a level 6 spell: Starburst
 22071 | Lair:5   | Found a runed translucent door.
 22072 | Lair:5   | Found a shimmering altar of Xom.
 22072 | Lair:5   | Noticed Mitamm's ghost (journeyman OpVM)
 22219 | Lair:5   | Found the +8 whip "Snakebite" {curare, rPois}
 22528 | Lair:6   | Entered Level 6 of the Lair of Beasts
 22677 | Lair:6   | Reached XP level 16. HP: 42/98 MP: 32/32
 22962 | Lair:6   | Offered knowledge of Irradiate by Vehumet.
 22969 | Lair:6   | Learned a level 5 spell: Irradiate
 23298 | Lair:6   | Reached skill level 13 in Earth Magic
 23300 | Lair:6   | Reached skill level 10 in Spellcasting
 23575 | Lair:6   | Identified the Handbook of Black Secrets and Envenoming
 23585 | Lair:6   | Identified The Arcane Secrets of Witchcraft
 23819 | Lair:6   | Noticed Urug
 23823 | Lair:6   | Killed Urug
 24059 | Lair:6   | Found a runed translucent door.
 24060 | Lair:6   | Found a viscous altar of Jiyva.
 24061 | Lair:6   | Noticed an azure jelly
 24062 | Lair:6   | Found a staircase to the Slime Pits.
 24072 | Lair:6   | Killed an azure jelly
 24534 | Orc:1    | Entered Level 1 of the Orcish Mines
 24735 | Orc:2    | Entered Level 2 of the Orcish Mines
 24735 | Orc:2    | Found a staircase to the Elven Halls.
 24759 | Orc:2    | Found Riycoily's Distillery.
 24779 | Orc:2    | Bought a potion of heal wounds for 70 gold pieces
 24779 | Orc:2    | Bought a potion of curing for 42 gold pieces
 24779 | Orc:2    | Bought a potion of curing for 42 gold pieces
 24779 | Orc:2    | Bought a potion of heal wounds for 70 gold pieces
 25544 | Orc:2    | Offered knowledge of Iron Shot by Vehumet.
 25559 | Orc:2    | Learned a level 6 spell: Iron Shot
 25829 | Orc:2    | Found Otyprawek's Antique Armour Emporium.
 25834 | Orc:2    | Found Gebbadghuo's Antique Weapon Shoppe.
 25842 | Orc:2    | Bought a pair of blackened gloves for 323 gold pieces
 25842 | Orc:2    | Identified the +1 pair of gloves "Hukkoggem" {rPois Str+6}
                  | (You bought it in a shop on level 2 of the Orcish Mines)
 25842 | Orc:2    | Bought a dull robe for 193 gold pieces
 25842 | Orc:2    | Identified the +2 robe of Midnight {Fly Will++ Str+8 Dex-5}
                  | (You bought it in a shop on level 2 of the Orcish Mines)
 26322 | Orc:2    | Found Weupn's Assorted Antiques.
 26323 | Orc:2    | Offered knowledge of Eringya's Noxious Bog by Vehumet.
 26362 | Orc:2    | Bought a potion of invisibility for 240 gold pieces
 26362 | Orc:2    | Bought a scroll of acquirement for 1560 gold pieces
 26362 | Orc:2    | Bought a potion of brilliance for 120 gold pieces
 26366 | Orc:2    | Acquired the ring "Qadiyv" {Drain rF+ Will+ Slay+2}
 26512 | D:15     | Entered Level 15 of the Dungeon
 26923 | D:15     | Found a staircase to the Depths.
 27392 | D:15     | Reached XP level 17. HP: 104/104 MP: 24/34
 27768 | D:15     | Found a radiant altar of Vehumet.
 27879 | D:15     | Reached skill level 10 in Maces & Flails
 28273 | D:15     | Upgraded the game from 0.27-a0-972-gd1521fd518 to
                  | 0.27-a0-1026-gbab068f60c
 28481 | Snake:1  | Entered Level 1 of the Snake Pit
 28584 | Snake:1  | Noticed Rupert
 28590 | Snake:1  | Killed Rupert
 28770 | Snake:1  | You are sucked into a shaft and drop 1 floor!
 29342 | Snake:1  | Noticed Aizul
 29351 | Snake:1  | Killed Aizul
 29487 | Snake:1  | Noticed Azrael
 29493 | Snake:1  | Killed Azrael
 30108 | Snake:1  | Noticed Donald
 30120 | Snake:1  | Killed Donald
 30693 | Snake:2  | Offered knowledge of Lehudib's Crystal Spear by Vehumet.
 30693 | Snake:2  | Offered knowledge of Fire Storm by Vehumet.
 30693 | Snake:2  | Offered knowledge of Chain Lightning by Vehumet.
 31847 | Snake:3  | Found a large runed translucent door.
 31848 | Snake:3  | Found a large runed translucent door.
 31861 | Snake:3  | Noticed TotallyNotGC's ghost (adept MiBe)
 31960 | Snake:3  | Found Weliorch's Jewellery Emporium.
 31961 | Snake:3  | Found Gesodecw's Book Shop.
 31961 | Snake:3  | Found Zulautz's Book Shop.
 31984 | Snake:3  | Reached skill level 10 in Evocations
 32128 | Snake:3  | Bought a book of Fire for 650 gold pieces
 32845 | Snake:3  | Found the +8 Vampire's Tooth {vamp}
 33114 | Snake:3  | HP: 4/106 [TotallyNotGC's ghost (8)]
 33275 | Snake:3  | Killed TotallyNotGC's ghost
 33311 | Snake:3  | Identified the ring of Deneq {Wiz Drain rElec Int+5 Stlth+}
 33360 | Snake:4  | Entered Level 4 of the Snake Pit
 33602 | Shoals:1 | Entered Level 1 of the Shoals
 33718 | Shoals:1 | Reached XP level 18. HP: 106/111 MP: 36/36
 33727 | Shoals:1 | Learned a level 8 spell: Ignition
 36460 | Shoals:3 | Reached skill level 15 in Fire Magic
 36598 | Shoals:3 | Found Ugiagevy's Assorted Antiques.
 36601 | Shoals:3 | Bought a potion of magic for 168 gold pieces
 36601 | Shoals:3 | Bought a wand of acid (4) for 168 gold pieces
 36601 | Shoals:3 | Bought a scroll of magic mapping for 73 gold pieces
 36601 | Shoals:3 | Bought a colourful robe for 119 gold pieces
 36601 | Shoals:3 | Identified the +2 robe of Complete Protection {-Cast rElec
                  | rCorr} (You bought it in a shop on level 3 of the Shoals)
 37410 | Shoals:4 | Entered Level 4 of the Shoals
 38052 | Shoals:4 | Reached skill level 14 in Earth Magic
 38719 | Shoals:4 | Reached XP level 19. HP: 116/116 MP: 5/37
 38852 | Shoals:4 | Got a barnacled rune of Zot
 40696 | Snake:4  | Reached skill level 15 in Earth Magic
 40914 | Snake:4  | HP: 5/116 [naga warrior/+0 war axe (26)]
 41905 | Snake:4  | Got a serpentine rune of Zot
 42806 | Vaults:1 | Entered Level 1 of the Vaults
 42871 | Vaults:1 | Reached skill level 10 in Dodging
 42922 | Vaults:1 | Reached XP level 20. HP: 46/124 MP: 10/39
 43189 | Vaults:1 | You are sucked into a shaft and drop 1 floor!
 43493 | Vaults:1 | Reached skill level 16 in Earth Magic
 45428 | Elf:1    | Entered Level 1 of the Elven Halls
 45500 | Elf:1    | Found Uqeo's Assorted Antiques.
 45513 | Elf:1    | Found Jedemnoq's Assorted Antiques.
 45513 | Elf:1    | Found Luhub's Magic Scroll Boutique.
 45522 | Elf:1    | Found Xyoqityuf's Magic Scroll Boutique.
 45547 | Elf:1    | Bought a pair of masterwork boots for 313 gold pieces
 45547 | Elf:1    | Identified the -4 pair of boots of Bitterness {Harm Str-2
                  | Int+9} (You bought it in a shop on level 1 of the Elven
                  | Halls)
 45759 | Elf:1    | Identified the +1 helmet of the End {-Cast Str+4 Int+4
                  | SInv}
 45864 | Elf:1    | Found a radiant altar of Vehumet.
 46214 | Elf:1    | You are sucked into a shaft and drop 1 floor!
 46674 | Elf:1    | Reached skill level 17 in Earth Magic
 46674 | Elf:1    | Reached XP level 21. HP: 127/129 MP: 29/40
 47645 | Elf:2    | Found a huge runed translucent gate.
 47645 | Elf:2    | Found a huge runed translucent gate.
 47646 | Elf:2    | Found a huge runed translucent gate.
 47669 | Elf:2    | Found a huge runed translucent gate.
 47672 | Elf:2    | Found a huge runed translucent gate.
 47764 | Elf:3    | Entered Level 3 of the Elven Halls
 47988 | Elf:3    | Found Meled's Antique Armour Shoppe.
 48905 | Elf:3    | Identified the ring of Makhleb's Favour {Fly Will+ Str+4}
 49229 | Elf:3    | Identified the ring of Licza {*Slow Int+6 Dex+8}
 49294 | Elf:3    | Identified the Grimoire of Poison
 49305 | Elf:3    | Identified the Volume of Supportive Ignition
 49346 | Elf:3    | Found the +3 sling "Punk" {acid, rCorr}
 49355 | Elf:3    | Identified the ring "Faang" {rPois rF- rC+ rN+++ Dex-3}
 49378 | Elf:3    | Identified the Catalogue of Floating Heat
 50017 | Vaults:2 | You are sucked into a shaft and drop 2 floors!
 50579 | Vaults:4 | Reached skill level 18 in Earth Magic
 50887 | Vaults:3 | Reached XP level 22. HP: 136/136 MP: 22/42
 51254 | Vaults:3 | Identified the +10 glaive of Xobeepp {flame, rN+}
 51407 | Vaults:3 | Noticed Jory
 51420 | Vaults:3 | Killed Jory
 53028 | Vaults:2 | Found a staircase to the Crypt.
 53028 | Vaults:2 | Found a basalt altar of Yredelemnul.
 53029 | Vaults:2 | Found an ancient bone altar of Kikubaaqudgha.
 53520 | Snake:3  | Bought a book of the Tempests for 700 gold pieces
 53540 | Snake:3  | Learned a level 9 spell: Shatter
 54020 | Vaults:3 | Reached skill level 15 in Conjurations
 54233 | Vaults:3 | Reached skill level 19 in Earth Magic
 54843 | Vaults:4 | Noticed Agnes
 54843 | Vaults:4 | Noticed Asterion
 54845 | Vaults:4 | Killed Agnes
 54847 | Vaults:4 | Killed Asterion
 55109 | Vaults:4 | Reached XP level 23. HP: 95/143 MP: 21/44
 55785 | Vaults:4 | Identified the +5 plate armour "Tokk" {rPois}
 55803 | Vaults:4 | Noticed Saint Roka
 55810 | Vaults:4 | Paralysed by an orc sorcerer for 3 turns
 55816 | Vaults:4 | Killed Saint Roka
 56428 | Elf:1    | Bought a scroll of blinking for 112 gold pieces
 56428 | Elf:1    | Bought a scroll of blinking for 112 gold pieces
 56437 | Elf:1    | Bought a scroll of blinking for 82 gold pieces
 56437 | Elf:1    | Bought a scroll of blinking for 82 gold pieces
 56437 | Elf:1    | Bought a scroll of magic mapping for 38 gold pieces
 56443 | Elf:1    | Bought a warped pewter ring for 165 gold pieces
 56443 | Elf:1    | Identified the ring "Sengosuurph" {Wiz Dex+5} (You bought
                  | it in a shop on level 1 of the Elven Halls)
 56704 | Vaults:5 | Entered Level 5 of the Vaults
 56712 | Vaults:5 | Paralysed by a sphinx for 6 turns
 56820 | Vaults:5 | Reached skill level 15 in Fighting
 56821 | Vaults:5 | Noticed an ancient lich
 56823 | Vaults:5 | Reached skill level 20 in Earth Magic
 56825 | Vaults:5 | Killed an ancient lich
 56829 | Vaults:5 | Noticed Bai Suzhen
 56833 | Vaults:5 | Reached XP level 24. HP: 102/151 MP: 41/44
 56834 | Vaults:5 | Killed Bai Suzhen
 56920 | Vaults:5 | Noticed an ancient lich
 56924 | Vaults:5 | Killed an ancient lich
 57257 | Vaults:5 | Noticed Sojobo
 57418 | Vaults:5 | Killed Sojobo
 57542 | Vaults:5 | Noticed a dread lich
 57647 | Vaults:5 | Killed a dread lich
 57795 | Vaults:5 | Identified the +2 robe of an ossuary {rPois rC- Int+4}
 58125 | Vaults:5 | Found the ring of the Octopus King
 58145 | Vaults:5 | Found the ring of the Hare {EV+8}
 58146 | Vaults:5 | Found Lunn's Magic Scroll Boutique.
 58158 | Vaults:5 | Bought a scroll of magic mapping for 56 gold pieces
 58180 | Vaults:5 | Identified a ring of the Octopus King {rCorr AC+1 EV+1
                  | Str+1 Int+1 Dex+1}
 58322 | Vaults:5 | Identified the +7 hunting sling of World Downfall {vorpal,
                  | Dex+4}
 58504 | Vaults:5 | Identified the +4 rapier of Taxation {speed, Int+4}
 58518 | Vaults:5 | Identified the +4 rapier "Erghud" {vorpal, rPois Str+4
                  | Int-2}
 58747 | Vaults:5 | Got a silver rune of Zot
 59046 | Crypt:1  | Entered Level 1 of the Crypt
 59168 | Crypt:1  | Reached skill level 21 in Earth Magic
 59239 | Crypt:1  | Slain by a ghoul

Illustrated notes

Levels and vault maps discovered:
D:1:      onia_arrival_mini_maze_b, layout_loops_corners,
          ebering_ecumenical_altar_box, serial_shops, nicolae_shop_statue_plus
D:2:      layout_basic, basic_altar, uniq_crazy_yiuf_cottage
D:3:      minmay_recursive_quarters, layout_basic
D:4:      layout_layer_cave, nicolae_overflow_crystal_walls,
          grunt_temple_overflow_open, lemuel_temple_firewalk_a,
          minmay_diced_spiral
D:5:      layout_basic, enter_ossuary_4, uniq_pikel
D:6:      kennysheep_slugbush, layout_rooms, amcnicky_mini_rare_corridor_liquid,
          minmay_chambers_of_fives, uniq_edmund
D:7:      layout_gridville, kennysheep_little_box, serial_shops,
          kennysheep_mini_moat, uniq_joseph
D:8:      kennysheep_windowed_halls, layout_cave_pods
D:9:      layout_basic, minmay_misc_feat_room, bh_walls_and_bars
D:10:     layout_stronghold, kennysheep_slug_shrine
D:11:     layout_irregular_city, david_lair_shrubbed, kiku_gazebo_garden_becter,
          uniq_harold
D:12:     layout_basic, hiddenorc1_lemuel, gauntlet_entry_generic,
          serial_curves, eino_curves_04, eino_curves_02, uniq_kirke, uniq_psyche
D:13:     layout_roguey
D:14:     minmay_curly_fans, layout_basic, grunt_vaults_entry_fortified,
          ebering_ghost_rock_garden, eat_drink_and_be_merry_uskayaw, uniq_louise
D:15:     grunt_enter_depths_giant_problem, layout_layer_cave,
          nicolae_vehumet_altar_sigil, lightli_fourway_metalbox
Temple:   nicolae_temple_figure_eight
Lair:1:   layout_chaotic_city, lemuel_fruit_tree
Lair:2:   layout_loops_ring, elwin_shoals_entry_rocks,
          guppyfry_snake_entry_garden, columned_hall_lemuel,
          eino_house_with_fridge
Lair:3:   layout_gridlike, minmay_lair_oklob_chamber, grunt_megastairs_5,
          serial_bayou_shore_b
Lair:4:   layout_concentric_octagons, serial_forest,
          infiniplex_forest_straight_2, infiniplex_forest_3_way,
          infiniplex_forest_end_3, infiniplex_forest_3_way,
          infiniplex_forest_clump_curved, infiniplex_forest_straight_2,
          infiniplex_forest_clump_small, portal_ice_cave_entry_imps, uniq_snorg
Lair:5:   minmay_guarded_unrand_snakebite, layout_gridlike, ebering_ghost_xom,
          serial_bayou_shore_a, lemuel_fruit_fields, grunt_megastairs_4
Lair:6:   grunt_lair_end_beastmaster, layout_loops_ring, slime_altar_2,
          minmay_shattered_shrine, uniq_urug
Shoals:1: layout_shoals, kb_tengu_band
Shoals:2: layout_shoals, nicolae_shoals_aquamancer_cove
Shoals:3: layout_shoals, serial_shops, nicolae_shop_window_shopping
Shoals:4: shoals_end_simple, layout_shoals, nicolae_shoals_stone_sculpture_thing
Snake:1:  layout_honeycomb, uniq_aizul, uniq_azrael, uniq_rupert, uniq_donald
Snake:2:  layout_cave_town, nicolae_snake_double_loop
Snake:3:  layout_chambers, ebering_ghost_disaster_area, minmay_shop_grove
Snake:4:  minmay_snake_end_coiled, layout_chambers, st_stairs_9
Orc:1:    layout_caves, nicolae_orc_rich_vein
Orc:2:    grunt_orc_community_town_hall, layout_caves,
          grunt_orc_community_big_house_1, grunt_orc_community_big_house_1,
          grunt_orc_community_house_2, grunt_orc_community_house_1,
          grunt_orc_community_house_1, grunt_orc_community_house_2,
          grunt_orc_community_house_1, basic_altar, minmay_orc_temple_b
Elf:1:    layout_loops_ring, basic_altar, evilmike_minifort,
          statue_in_the_mist_lemuel, solitary_fountain, minmay_shoptagon,
          grunt_megastairs_3, uniq_agnes
Elf:2:    layout_loops_cross
Elf:3:    minmay_elf_hall_spiked, layout_rooms, serial_shops,
          nicolae_shop_window_shopping
Vaults:1: v_alt_pattern_6, v_pattern_3, nicolae_vaults_puzzle_piece,
          nicolae_vaults_border_crossing, v_misc_14,
          nicolae_vaults_little_squares_4, v_misc_11, grunt_vaults_hallway_long,
          ontoclasm_vaults_decontamination, nicolae_vaults_mini_display_case,
          ontoclasm_vaults_bender, ontoclasm_vaults_gateway, layout_vaults_ring
Vaults:2: grunt_vaults_bifocal, st_octagons_1, vaults_room_octagon,
          minmay_crypt_entry_necro_gods, vaults_room_stairs_pillars,
          v_alt_pattern_5, vaults_dpeg_ring, vaults_room_pool,
          layout_vaults_quadrants
Vaults:3: vaults_dpeg_doors, hangedman_vaults_trim, nicolae_vaults_gold_heap,
          v_misc_26, vaults_room_large_hall, v_misc_30, v_misc_16,
          nicolae_vaults_inception_corners, vaults_room_hangedman_quadrants,
          v_misc_19, v_rooms_3, nicolae_vaults_twisting_passages,
          vaults_room_large_hall, layout_vaults_maze_bifur, uniq_jory
Vaults:4: grunt_vaults_trifunnel, vaults_mumra_minichess_inversion, v_misc_17,
          grunt_vaults_hallway_short, nicolae_vaults_network_quinsquares
          [nicolae_vaults_network_quincunx_subvault,
          nicolae_vaults_network_quincunx_subvault,
          nicolae_vaults_network_quincunx_subvault,
          nicolae_vaults_network_quincunx_subvault], v_misc_23, v_misc_12,
          v_pattern_2, ontoclasm_vaults_pinch, nicolae_vaults_asterisk,
          ontoclasm_vaults_fault, nicolae_vaults_little_squares_3,
          sword_in_stone, layout_vaults_big_room, uniq_saint_roka
Vaults:5: serial_shops, uniq_sojobo, uniq_bai_suzhen
Crypt:1:  layout_gridlike, grunt_crypt_arrival_guarded_gate

Skill      XL: |  1  2  3  4  5  6  7  8  9 10 11 12 13 14 15 16 17 18 19 20 21 22 23 24 |
---------------+-------------------------------------------------------------------------+-----
Earth Magic    | 4 5 6 7 8 9 10 11 12 13 14 15 17 18 19 20 21 | 21.1
Conjurations   | 1 2 3 4 5 6 7 8 9 10 11 12 13 14 15 16 | 16.3
Spellcasting   | 3 4 5 6 7 8 9 10 11 12 13 14 | 14.2
Fighting       | 1 2 4 5 6 7 8 9 10 11 12 13 14 15 | 15.7
Armour         | 2 4 5 6 |  6.0
Evocations     | 2 3 4 5 6 7 8 9 10 | 10.0
Maces & Flails | 1 3 4 5 6 7 8 9 10 11 12 13 14 | 14.5
Dodging        | 2 3 4 5 6 7 8 9 10 11 12 13 14 | 14.1
Fire Magic     | 4 6 8 9 11 12 13 16 17 18 | 18.5
Stealth        | |  2.1
Transmutations | |  0.7

Action                   |  1- 3 |  4- 6 |  7- 9 | 10-12 | 13-15 | 16-18 | 19-21 | 22-24 || total
-------------------------+-------+-------+-------+-------+-------+-------+-------+-------++-------
Melee: Dagger            |    85 |   161 |   271 |       |       |       |       |       ||   517
       Flail             |       |       |    16 |   288 |   760 |   807 |   485 |   260 ||  2616
       Unarmed           |       |       |       |    19 |       |       |       |       ||    19
       Whip              |       |       |       |       |    23 |       |       |       ||    23
       Demon whip        |       |       |       |       |       |       |       |   137 ||   137
 Cast: Sandblast         |    22 |    11 |    43 |     4 |    25 |    15 |     8 |     7 ||   135
       Lee's Rapid Decon |       |     2 |     4 |    29 |    66 |    29 |    18 |     1 ||   149
       Stone Arrow       |       |     2 |    26 |    76 |    71 |     5 |     2 |       ||   182
       Bolt of Magma     |       |       |       |     3 |    52 |    79 |    25 |     7 ||   166
       Irradiate         |       |       |       |       |       |    17 |     3 |       ||    20
       Iron Shot         |       |       |       |       |       |   126 |   186 |    75 ||   387
       Fireball          |       |       |       |       |       |    14 |     9 |     1 ||    24
       Ignition          |       |       |       |       |       |    43 |   108 |    48 ||   199
       Shatter           |       |       |       |       |       |       |       |    71 ||    71
Evoke: Wand              |       |       |     4 |     5 |    10 |    16 |     2 |     3 ||    40
       Condenser vane    |       |       |       |     1 |     2 |     7 |     4 |     4 ||    18
       Phial of floods   |       |       |       |       |       |     3 |     2 |     1 ||     6
       Lightning rod     |       |       |       |       |       |       |     4 |     2 ||     6
       Box of beasts     |       |       |       |       |       |       |     1 |     1 ||     2
  Use: Scroll            |       |    10 |    11 |     5 |    11 |    10 |     4 |    11 ||    62
       Potion            |       |       |       |     1 |     5 |     4 |     4 |     4 ||    18
 Stab: Sleeping          |     2 |     2 |       |     2 |    13 |    13 |    10 |     1 ||    43
       Paralysed         |       |       |       |    28 |     2 |       |       |       ||    30
       Petrifying        |       |       |       |       |     1 |       |       |       ||     1
       Petrified         |       |       |       |       |       |     7 |       |       ||     7
       Distracted        |       |       |       |       |       |     3 |     3 |     1 ||     7
Armor: Robe              |    38 |    71 |   119 |   174 |   402 |   401 |   338 |   239 ||  1782
       Skin              |       |       |       |     7 |       |       |       |       ||     7
Dodge: Dodged            |    43 |   109 |   272 |   415 |   901 |   922 |   458 |   352 ||  3472

Table legend: (Time is in decaauts)
 A = Elapsed time spent in this place.
 B = Non-inter-level travel time spent in this place.
 C = Inter-level travel time spent in this place.
 D = Time resting spent in this place.
 E = Time spent auto-exploring this place.
 F = Levels seen in this place.
 G = Mean time per level.
                   A        B        C        D        E       F      G
               +--------+--------+--------+--------+--------+-----+--------+
         Total |  59033 |  54783 |   4250 |   8329 |  35403 |  43 | 1372.9 |
       Dungeon |  18387 |  16743 |   1644 |   2100 |  11429 |  15 | 1225.8 |
        Temple |     83 |     66 |     17 |      0 |     55 |   1 |   83.0 |
          Lair |   7902 |   7411 |    491 |    543 |   5378 |   6 | 1317.0 |
        Shoals |   5829 |   5617 |    212 |   1412 |   3300 |   4 | 1457.2 |
     Snake Pit |   8454 |   7791 |    663 |   1445 |   4938 |   4 | 2113.5 |
  Orcish Mines |   1995 |   1779 |    216 |     37 |   1250 |   2 |  997.5 |
   Elven Halls |   4161 |   3959 |    202 |    682 |   2218 |   3 | 1387.0 |
        Vaults |  10881 |  10078 |    803 |   1989 |   6264 |   5 | 2176.2 |
         Crypt |    163 |    163 |      0 |      0 |     67 |   1 |  163.0 |
       Ossuary |    410 |    410 |      0 |     70 |    104 |   1 |  410.0 |
      Ice Cave |    763 |    763 |      0 |     50 |    399 |   1 |  763.0 |
               +--------+--------+--------+--------+--------+-----+--------+

Top non-repeatable levels by time:
Vaults:4: 2789 daAuts
 Snake:4: 2752 daAuts
    D:14: 2514 daAuts
 Snake:3: 2504 daAuts
Vaults:1: 2455 daAuts
Vaults:2: 2289 daAuts
Vaults:3: 1928 daAuts
Shoals:1: 1882 daAuts
  Lair:6: 1862 daAuts
Shoals:4: 1839 daAuts
    D:15: 1731 daAuts
 Snake:1: 1718 daAuts
     D:4: 1686 daAuts
   Elf:1: 1534 daAuts
    D:12: 1534 daAuts
